 Dungeon Crawl Stone Soup version 0.19.4-12-gccf7e64 (webtiles) character file.

430 vatarom the Insei (level 6, -6/38 HPs)
             Began as an Octopode Transmuter on Feb 26, 2017.
             Was an Initiate of Ashenzari.
             Killed by nerve-wracking pain
             ... invoked by an orc priest
              (10 damage)
             ... on level 5 of the Dungeon.
             The game lasted 00:11:43 (4267 turns).

vatarom the Insei (Octopode Transmuter)             Turns: 4267, Time: 00:11:44

Health: -6/38      AC:  2    Str: 13    XL:     6   Next: 99%
Magic:  3/9        EV: 20    Int: 15    God:    Ashenzari [......]
Gold:   181        SH:  0    Dex: 18    Spells: 3 memorised, 3 levels left

rFire  . . .     SeeInvis .       - Unarmed
rCold  . . .     Gourm    .     (shield currently unavailable)
rNeg   . . .     Faith    .     (helmet currently unavailable)
rPois  x         Spirit   .     (no amulet)
rElec  .         Reflect  .     (no ring)
rCorr  .         Harm     .     (no ring)
MR     .....                    (no ring)
Stlth  ++........               (no ring)
                                (no ring)
                                (no ring)
                                (no ring)
                                (no ring)

@: spider-form, very slightly contaminated
A: almost no armour, stealthy swim, (amphibious), 8 rings, (constrict 8),
(camouflage 0), high mp 1, (shaggy fur 0), strong 1, (gelatinous body 0)
a: End Transformation, Curse Item, Renounce Religion


You were on level 5 of the Dungeon.
You worshipped Ashenzari.
Ashenzari was noncommittal.
You were hungry.
You were a venomous arachnid creature.
You visited 2 branches of the dungeon, and saw 6 of its levels.

You collected 181 gold pieces.

Inventory:

Missiles
 a - 31 arrows
Scrolls
 e - a scroll of amnesia
 j - a scroll of remove curse
 m - a scroll of blinking
Potions
 f - a potion of agility
 i - a potion of ambrosia
 k - 2 potions of flight
 o - a potion of beneficial mutation {unknown}
Books
 b - a book of Changes

   Spells                             Type                      Level
   a - Beastly Appendage              Transmutation                1
   b - Sticks to Snakes               Transmutation                2
   c - Spider Form                    Transmutation/Poison         3
   d - Ice Form                       Ice/Transmutation            4
   e - Blade Hands                    Transmutation                5
Comestibles
 c - 2 bread rations
 d - 2 meat rations
 h - 3 slices of pizza
 l - 5 chunks of flesh


   Skills:
 - Level 1.0 Fighting
 - Level 2.0 Dodging
 * Level 6.4 Unarmed Combat
 - Level 2.0 Spellcasting
 + Level 4.4 Transmutations


You had 3 spell levels left.
You knew the following spells:

 Your Spells              Type           Power        Failure   Level  Hunger
a - Beastly Appendage     Tmut           ##....       14%         1    #......
b - Sticks to Snakes      Tmut           ##......     21%         2    ###....
c - Spider Form           Tmut/Pois      #.........   52%         3    ###....


Dungeon Overview and Level Annotations

Branches:
Dungeon (5/15)             Temple (1/1) D:4

Altars:
Ashenzari
Cheibriados
Dithmenos
Elyvilon
Fedhas
Hepliaklqana
Kikubaaqudgha
Makhleb
Okawaru
Qazlal
Ru
Sif Muna
Trog
Uskayaw
Vehumet
Yredelemnul
Zin
The Shining One


Innate Abilities, Weirdness & Mutations

You cannot wear most types of armour.
You are very stealthy in the water. (Stealth+)
((You are amphibious.))
You can wear up to eight rings at the same time.
((You can use your tentacles to constrict eight enemies at once.))
((Your skin changes colour to match your surroundings (Stealth+).))
((Your rubbery body absorbs attacks. (AC +1, EV +1)))
You have an increased reservoir of magic. (+10% MP)
((You are covered in fur. (AC +1)))
Your muscles are strong. (Str +2)


Message History

You miscast Spider Form.
You are very lightly contaminated with residual magic.
Waves of light ripple over your body.
Casting: Spider Form
Confirm with . or Enter, or press ? or * to list all spells.
You turn into a venomous arachnid creature.
You are feeling hungry.
Casting: Spider Form
Confirm with . or Enter, or press ? or * to list all spells.
You don't know that spell.
Unknown command.
You are too injured to fight recklessly!
Unknown command.
The orc priest calls down the wrath of Beogh upon you.
Pain shoots through your body!
* * * LOW HITPOINT WARNING * * *
The orc priest looks satisfied for a moment.
The orc priest invokes the aid of Beogh against you.
Pain shoots through your body!
You die...

#. #####....
#........
#############.#.####.
#...............#
#......%...s.####
######.........o..#
.................##
................##
###.†...........#
#o######...#### #o#
..#.# #.# ..# ###.#


You could see an orc priest.

Vanquished Creatures
  2 ogres (D:4)
  A howler monkey (D:4)
  2 worker ants
  Terence (D:3)
  7 adders
  3 oozes (D:1)
  3 dart slugs
  A leopard gecko (D:2)
  4 orcs
  2 ball pythons
  4 giant cockroaches
  5 goblins
  5 hobgoblins
  11 jackals
  7 kobolds
  2 quokkas
  6 bats
  3 frilled lizards
  A leopard gecko skeleton (D:4)
  A quokka skeleton (D:5)
  5 rats
76 creatures vanquished.

Vanquished Creatures (collateral kills)
  A dart slug (D:3)
1 creature vanquished.

Grand Total: 77 creatures vanquished

Notes
Turn   | Place    | Note
-------+----------+-------------------------------------------
     0 | D:1      | vatarom the Octopode Transmuter began the quest for the Orb.
     0 | D:1      | Reached XP level 1. HP: 13/13 MP: 3/3
   361 | D:1      | Gained mutation: You are covered in fur. (AC +1) [potion of mutation]
   361 | D:1      | Gained mutation: Your muscles are strong. (Str +2) [potion of mutation]
   361 | D:1      | Gained mutation: You have an increased reservoir of magic. (+10% MP) [potion of mutation]
   416 | D:1      | Reached XP level 2. HP: 18/18 MP: 5/5
   550 | D:1      | Learned a level 2 spell: Sticks to Snakes
   827 | D:1      | Reached XP level 3. HP: 23/23 MP: 6/6
  1091 | D:2      | Reached skill level 4 in Unarmed Combat
  1130 | D:2      | Found a basalt altar of Yredelemnul.
  1307 | D:2      | Learned a level 3 spell: Spider Form
  1352 | D:2      | Reached XP level 4. HP: 21/28 MP: 4/7
  1394 | D:2      | Found a shattered altar of Ashenzari.
  1416 | D:2      | Became a worshipper of Ashenzari the Shackled
  1998 | D:3      | Noticed Terence
  2008 | D:3      | Killed Terence
  2227 | D:3      | Found an ancient bone altar of Kikubaaqudgha.
  2597 | D:3      | Reached XP level 5. HP: 33/33 MP: 3/8
  3024 | D:4      | Reached skill level 5 in Unarmed Combat
  3044 | D:4      | Found a staircase to the Ecumenical Temple.
  3084 | Temple   | Entered the Ecumenical Temple
  3571 | D:4      | Noticed an ogre
  3584 | D:4      | Killed an ogre
  3584 | D:4      | Reached XP level 6. HP: 13/38 MP: 6/9
  3627 | D:4      | Found a radiant altar of Vehumet.
  3897 | D:4      | Reached skill level 6 in Unarmed Combat
  4147 | D:5      | Entered Level 5 of the Dungeon
  4267 | D:5      | Killed from afar by an orc priest

Skill      XL: |  1  2  3  4  5  6 |
---------------+-------------------+-----
Unarmed Combat | 4 5 6 |  6.4
Transmutations | 3 4 |  4.4
Fighting       | |  1.0
Dodging        | |  2.0
Spellcasting   | |  2.0

Action                   |  1- 3 |  4- 6 || total
-------------------------+-------+-------++-------
Melee: Unarmed           |    68 |   108 ||   176
       Constrict         |    18 |    27 ||    45
       Tentacles         |    14 |    25 ||    39
       Kick              |     1 |     6 ||     7
       Punch             |     2 |     5 ||     7
 Cast: Beastly Appendage |     3 |     2 ||     5
       Sticks to Snakes  |     1 |     4 ||     5
       Spider Form       |       |     3 ||     3
  Use: Scroll            |     7 |     4 ||    11
       Potion            |     4 |     5 ||     9
 Stab: Sleeping          |     5 |     2 ||     7
       Distracted        |     1 |       ||     1
  Eat: Chunk             |     1 |    10 ||    11
Armor: Skin              |    11 |    12 ||    23
Dodge: Dodged            |    52 |    68 ||   120
